 Dungeon Crawl Stone Soup version 0.17.0-24-gcfadda4 (console) character file.

2133 gw the Cudgeler (level 9, -9/72 HPs)
             Began as a Deep Dwarf Abyssal Knight on Nov 15, 2015.
             Was an Elder of Lugonu.
             Mangled by an ogre
             ... wielding a +0 giant club
              (22 damage)
             ... while paralysed
             ... on level 7 of the Dungeon.
             The game lasted 00:05:47 (5209 turns).

gw the Cudgeler (Deep Dwarf Abyssal Knight)         Turns: 5209, Time: 00:05:47

Health: -9/72      AC: 16    Str: 15 (17) XL:     9   Next: 9%
Magic:  5/5        EV:  2    Int: 12      God:    Lugonu [****..]
Gold:   460        SH:  0    Dex: 15      Spells: 0 memorised, 8 levels left

rFire  . . .     SeeInvis .     a - +1 morningstar
rCold  . . .     Clarity  .     m - +0 plate armour
rNeg   + . .     SustAt   .     (no shield)
rPois  .         Gourm    .     (no helmet)
rElec  .         Spirit   .     q - +0 cloak {+Inv}
rCorr  .         Warding  +     h - +0 pair of gloves
rMut   .         Rnd*Tele +     (no boots)
MR     ++...                    v - amulet of warding
Stlth  ..........               (no ring)
                                n - ring of teleportation (curse)

@: paralysed, fainting, non-regenerating, very resistant to hostile
enchantments, extremely unstealthy
A: damage resistance, recharge devices, icy blue scales 1, frail 1, magic
resistance 1, sense surroundings 2, slow regeneration 3
a: Device Recharging, Depart the Abyss, Bend Space, Banish, Corrupt, Renounce
Religion, Evoke Invisibility, Evoke Teleportation


You were on level 7 of the Dungeon.
You worshipped Lugonu.
Lugonu was greatly pleased with you.
You were fainting.

You visited 1 branch of the dungeon, and saw 7 of its levels.
You visited the Abyss 1 time.
You also visited: Ossuary.

You collected 460 gold pieces.

Inventory:

Hand Weapons
 a - a +1 morningstar (weapon)
 b - a -1 hand crossbow
Missiles
 g - 27 bolts
Armour
 h - a +0 pair of gloves (worn)
 m - a +0 plate armour (worn)
 q - a +0 cloak of invisibility (worn)
Jewellery
 n - a cursed ring of teleportation (left hand)
 v - an amulet of warding (around neck)
Wands
 c - a wand of heal wounds (2)
 r - a wand of enslavement (20)
 t - a wand of draining (7)
Scrolls
 j - a scroll of fog
 k - 7 scrolls of remove curse
 l - 5 scrolls of identify
 s - a scroll of amnesia
 w - a scroll of noise
 y - a scroll of recharging
 A - a scroll of teleportation
Potions
 e - a potion of mutation
 i - 6 potions of curing
 x - a potion of haste
 z - 2 potions of ambrosia {unknown}
Comestibles
 d - 7 bread rations
 f - 10 fruits
 p - 2 beef jerkies
 u - a slice of pizza


   Skills:
 + Level 5.1 Fighting
 * Level 7.2 Maces & Flails
 + Level 4.7 Crossbows
 + Level 5.9 Armour
 - Level 1.1 Dodging
 + Level 7.0 Invocations


You had 8 spell levels left.
You didn't know any spells.

Dungeon Overview and Level Annotations

Branches:
Dungeon (7/15)             Temple (0/1) D:5

Altars:
Ashenzari
Gozag
Kikubaaqudgha
Makhleb
Qazlal
The Shining One

Annotations:
Abyss:1 Grinder, Menkaure


Innate Abilities, Weirdness & Mutations

You are resistant to damage.
You can recharge devices by infusing magical energy.
You passively map the area around you.
You do not regenerate naturally.
You are partially covered in icy blue scales (AC +1).
You are frail (-10% HP).
You are resistant to hostile enchantments.


Message History

The hungry ghost hits you.
You feel somewhat more hungry. The ogre hits you with a giant club!
Trying to move but square is occupied??
Making a random move You closely miss the hungry ghost.
The hungry ghost is lightly damaged.
The hungry ghost hits you.
You are fainting from starvation!
The ogre hits you but does no damage. The hungry ghost hits you.
You feel slightly more hungry.
MOVING TO (2,2)
The ogre completely misses you.
MOVING TO (1,1) MOVING TO (7,-3)
You lose consciousness!
The hungry ghost hits you.
You feel slightly more hungry. The ogre hits you with a giant club!
The hungry ghost hits you.
You feel slightly more hungry. The ogre hits you with a giant club!!
You die...

#..........### *** *
#............ ,,
...........#**** * *
#.....).)..# #######
* * *#.)#** #......
#######..######......
#......>)((..........
#..O......#<.........
#..Wg.....##########.
##.....#.## #.
#.....#.# #.
#######.# #. * , ..#
#. , ..# #######.
,,,, ...# #.......
...# #.#####. , ,
,...#####.#.....


You could see a hungry ghost and an ogre.

Table legend:
 A = Turns spent in this place as a percentage of turns spent in the entire game.
 B = Non-inter-level travel turns spent in this place as a percentage of non-inter-level travel turns spent in the entire game.
 C = Inter-level travel turns spent in this place as a percentage of turns spent in this place.
 D = Turns resting spent in this place as a percentage of non-inter-level travel turns spent in this place.
 E = Turns spent auto-exploring this place as a percentage of non-inter-level travel turns spent in this place.
 F = Non-inter-level travel turns spent in this place divided by the number of levels of this place that you've seen.
                   A       B       C       D       E      F
               +-------+-------+-------+-------+-------+----------------------
         Total | 100.0 | 100.0 |   0.3 |   0.0 |   2.3 | 1304.0
       Dungeon |  88.9 |  88.9 |   0.4 |   0.0 |   2.4 | 1489.9
         Abyss |   0.1 |   0.1 |   0.0 |   0.0 |   0.0 |  17.0
       Ossuary |  11.0 |  11.0 |   0.0 |   0.0 |   1.9 | 1290.0
               +-------+-------+-------+-------+-------+----------------------

Table legend:
 A = Kills in this place as a percentage of kills in entire the game.
 B = Kills by you in this place as a percentage of kills by you in the entire game.
 C = Kills by friends in this place as a percentage of kills by friends in the entire game.
 D = Other kills in this place as a percentage of other kills in the entire game.
 E = Experience gained in this place as a percentage of experience gained in the entire game.
 F = Experience gained in this place divided by the number of levels of this place that you have seen.
                   A       B       C       D       E      F
               +-------+-------+-------+-------+-------+----------------------
         Total | 100.0 | 100.0 | 100.0 | 100.0 | 100.0 | 338.7
       Dungeon |  90.8 |  90.9 | 100.0 |  66.7 |  88.1 | 383.7
       Ossuary |   9.2 |   9.1 |   0.0 |  33.3 |  11.9 | 362.0
               +-------+-------+-------+-------+-------+----------------------

Vanquished Creatures
  A deep elf mage (D:7)
  2 ice beasts (D:5)
  An orc warrior (D:6)
  2 sky beasts
  A black bear (D:5)
  2 centaurs
  An ogre (D:5)
  A crocodile (D:7)
  A giant frog (D:7)
  A water moccasin zombie (D:7)
  A scorpion (D:4)
  A crimson imp (D:5)
  A centaur zombie (Ossuary)
  Crazy Yiuf (D:5)
  A jelly (D:5)
  A centaur skeleton (D:4)
  2 hounds
  An iguana (D:7)
  3 orc wizards
  3 worker ants (D:5)
  2 big kobold zombies (Ossuary)
  4 mummies (Ossuary)
  A hound skeleton (D:4)
  4 gnolls (D:2)
  2 adders
  2 shadow imps
  An ooze (D:5)
  An adder skeleton (D:4)
  15 orcs
  4 ball pythons
  9 hobgoblins
  4 jackals (D:3)
  6 quokkas
  9 bats
  5 giant cockroaches
  6 giant newts
  2 gnoll zombies (Ossuary)
  5 goblins (D:2)
  2 goblin zombies (Ossuary)
  10 kobolds
  A kobold zombie (Ossuary)
  9 rats
132 creatures vanquished.

Vanquished Creatures (collateral kills)
  An orc wizard (D:6)
  A worm (D:6)
  5 orcs
7 creatures vanquished.

Vanquished Creatures (others)
  The ghost of gw the Cudgeler, an amateur DDBe of Trog (Ossuary)
1 creature vanquished.

Grand Total: 140 creatures vanquished

Notes
Turn   | Place    | Note
--------------------------------------------------------------
     0 | Abyss:1  | gw the Deep Dwarf Abyssal Knight began the quest for the Orb.
     0 | Abyss:1  | Reached XP level 1. HP: 20/20 MP: 2/2
     5 | D:1      | Escaped the Abyss
   143 | D:1      | Reached XP level 2. HP: 16/27 MP: 3/3
   229 | D:1      | Reached ** piety under Lugonu
   657 | D:2      | Reached XP level 3. HP: 28/33 MP: 3/5
   666 | D:2      | Reached skill level 3 in Invocations
   768 | D:2      | Reached XP level 4. HP: 39/42 MP: 6/6
  1120 | D:2      | Reached *** piety under Lugonu
  1186 | D:2      | Found an opulent altar of Gozag.
  1327 | D:3      | Found a faded altar to an unknown god.
  2062 | D:4      | Reached XP level 5. HP: 46/49 MP: 7/7
  2113 | D:4      | Reached skill level 4 in Maces & Flails
  2256 | D:4      | Found a stormy altar of Qazlal.
  2297 | D:4      | Found a shattered altar of Ashenzari.
  2605 | D:4      | Noticed Menkaure
  2606 | D:4      | Banished Menkaure
  2606 | D:4      | Reached XP level 6. HP: 38/56 MP: 9/9
  2674 | D:5      | Entered Level 5 of the Dungeon
  2687 | D:5      | Found a shattered altar of Ashenzari.
  2723 | D:5      | Reached skill level 1 in Crossbows
  2813 | D:5      | Noticed Grinder
  2814 | D:5      | Banished Grinder
  2814 | D:5      | Reached skill level 5 in Maces & Flails
  2814 | D:5      | Reached XP level 7. HP: 43/63 MP: 9/9
  2859 | D:5      | Found a glowing golden altar of the Shining One.
  2915 | D:5      | Reached skill level 5 in Invocations
  3100 | D:5      | Noticed Crazy Yiuf
  3112 | D:5      | Killed Crazy Yiuf
  3637 | D:5      | Reached skill level 6 in Maces & Flails
  3637 | D:5      | Reached XP level 8. HP: 47/73 MP: 10/10
  3661 | D:5      | Found a staircase to the Ecumenical Temple.
  3775 | D:6      | Reached skill level 5 in Armour
  4034 | D:6      | Reached **** piety under Lugonu
  4222 | D:6      | Found a sand-covered staircase.
  4231 | Ossuary  | Entered an ossuary
  4234 | Ossuary  | Noticed gw's ghost (amateur DDBe)
  4254 | Ossuary  | Banished gw's ghost
  4556 | Ossuary  | Gained mutation: You are frail (-10% HP). [potion of mutation]
  4556 | Ossuary  | Gained mutation: You are resistant to hostile enchantments. [potion of mutation]
  4556 | Ossuary  | Gained mutation: You are partially covered in icy blue scales (AC +1). [potion of mutation]
  4659 | D:7      | Found an ancient bone altar of Kikubaaqudgha.
  4782 | D:7      | Reached skill level 5 in Fighting
  4798 | D:7      | Reached skill level 7 in Maces & Flails
  4850 | D:7      | Gained mutation: You passively map the area around you. [Deep Dwarf growth]
  4850 | D:7      | Reached XP level 9. HP: 51/72 MP: 5/5
  4855 | D:7      | Found a burning altar of Makhleb.
  5209 | D:7      | Mangled by an ogre

Action                   |  1- 3 |  4- 6 |  7- 9 || total
-------------------------+-------+-------+-------++-------
Melee: Mace              |    96 |    91 |    49 ||   236
       Flail             |       |    58 |   112 ||   170
       Hand crossbow     |       |       |     8 ||     8
       Morningstar       |       |       |   185 ||   185
 Fire: Hand crossbow     |       |    16 |    52 ||    68
Invok: Bend Space        |     1 |       |     2 ||     3
       Banish            |       |     1 |     3 ||     4
 Abil: Device Recharging |       |     1 |     8 ||     9
Evoke: Wand              |     3 |     2 |    32 ||    37
  Use: Scroll            |     3 |     9 |     5 ||    17
       Potion            |     1 |     4 |     3 ||     8
 Stab: Invisible         |       |       |     1 ||     1
  Eat: Chunk             |       |     8 |    10 ||    18

Vault maps used:
D:1:      dpeg_arrival_orchard, minmay_misc_feat_x
D:2:      nicolae_gozag_cash_rules_everything_around_me, first_bread,
          minivault_27, st_stairs_9, minmay_cupped
D:3:      ecumenical_altar_2
D:4:      kennysheep_spiral_hall, old_standard_altar,
          cheibrodos_ashenzari_chains, uniq_menkaure
D:5:      kennysheep_mini_moat, minmay_temple_entry_nine_rooms, basic_altar,
          uniq_grinder, uniq_crazy_yiuf_cottage
D:6:      nicolae_ossuary_entry_ruins
D:7:      bloody_makhleb, old_standard_altar
Abyss:1:  evilmike_abyss_exit_vortex
Ossuary:  ossuary_crypta
